Map: Ley Lines

Players

eGGz

  • Race: Zerg Zerg
  • League: Grandmaster
  • Spawn Location: 1:00

SpeCial - Winner!

  • Race: Terran Terran
  • League: Grandmaster
  • Spawn Location: 7:00

VOD

Have the link to the VOD?

Description

Time

  • Played on: Oct. 12, 2025, 5:43 p.m.
  • Length: 7:50
Show
View Real Time Build Order
Export as new Build Order

eGGz Zerg 

Build Orders: Hatch First 

Get SALT Encoding   

  12  0:00  Drone  
  13  0:13  Overlord  
  13  0:17  Drone  
  14  0:32  Drone x2  
  16  0:36  Drone  
  17  0:50  Hatchery  
  17  0:52  Drone  
  17  0:57  Drone  
  18  1:07  Extractor  
  17  1:12  Spawning Pool  
  17  1:15  Drone  
  17  1:19  Drone  
  18  1:29  Drone  
  19  1:40  Drone  
  20  1:48  Hatchery  
  19  2:01  Queen  
  19  2:02  Zergling x2  
  19  2:03  Zergling x2  
  23  2:12  Queen  
  25  2:20  Overlord  
  25  2:24  Metabolic Boost  
  25  2:29  Drone  
  26  2:31  Drone  
  26  2:35  Drone  
  27  2:42  Drone x2  
  27  2:43  Drone  
  30  2:46  Drone  
  31  2:52  Queen  
  31  2:55  Drone  
  31  2:58  Drone  
  35  3:05  Queen  
  35  3:09  Overlord  
  37  3:15  Drone x3  
  37  3:18  Drone  
  41  3:21  Zergling x2  
  42  3:28  Spore Crawler  
  42  3:31  Drone x5  
  46  3:38  Drone  
  47  3:42  Drone x2  
  47  3:46  Zergling x2  
  50  3:50  Overlord  
  50  3:54  Overlord  
  50  3:57  Overlord  
  49  4:03  Drone  
  49  4:04  Overlord  
  49  4:08  Queen x2  
  55  4:10  Zergling x4  
  55  4:14  Drone  
  55  4:15  Zergling x6  
  55  4:37  Drone x6  
  55  4:38  Drone x2  
  59  4:40  Drone  
  59  4:41  Drone  
  59  4:44  Lair  
  61  4:46  Drone  
  61  4:48  Drone  
  61  4:49  Drone  
  64  4:56  Drone, Spore Crawler  
  64  4:59  Extractor, Drone  
  65  5:00  Drone  
  65  5:01  Extractor  
  64  5:08  Drone  
  64  5:11  Hatchery, Drone x3  
  64  5:13  Drone  
  68  5:17  Drone, Spore Crawler  
  68  5:18  Drone x2  
  68  5:20  Extractor, Drone x2  
  70  5:22  Drone x2  
  70  5:24  Drone  
  70  5:25  Drone  
  74  5:31  Drone  
  74  5:34  Extractor  
  74  5:35  Extractor  
  73  5:36  Drone x2  
  75  5:42  Overseer  
  75  5:45  Spire  
  75  5:46  Drone x4  
  75  5:47  Zergling x6  
  81  5:50  Overlord  
  81  5:54  Overlord  
  81  5:56  Baneling Nest  
  80  5:57  Drone  
  80  6:02  Overlord  
  81  6:05  Hatchery  
  81  6:07  Overlord  
  81  6:10  Zergling x4  
  82  6:14  Zergling x14  
  82  6:15  Drone  
  90  6:19  Overlord  
  90  6:27  Drone x6  
  93  6:48  Overlord  
  93  6:49  Drone x2  
  93  6:51  Mutalisk x8  
  93  6:52  Extractor, Mutalisk  
  93  6:53  Extractor  
  111  6:55  Baneling x4  
  111  6:56  Baneling  
  111  6:58  Drone x3  
  114  7:04  Drone x2  
  114  7:05  Evolution Chamber  
  114  7:06  Evolution Chamber  
  114  7:08  Zergling x8  
  118  7:12  Zergling x6  
Show
View Real Time Build Order
Export as new Build Order

SpeCial Terran - Winner!

Build Orders: Reaper Expand 

Get SALT Encoding   

  12  0:00  SCV  
  13  0:12  SCV  
  14  0:17  Supply Depot  
  14  0:24  SCV  
  15  0:38  SCV  
  15  0:40  Barracks  
  16  0:43  Refinery  
  16  0:50  SCV  
  17  1:03  SCV  
  18  1:15  SCV  
  19  1:27  Orbital Command, Reaper  
  20  1:38  Command Center  
  20  1:48  Supply Depot  
  20  1:53  SCV  
  21  1:59  Marine  
  22  2:05  SCV  
  23  2:12  Factory  
  23  2:17  SCV  
  23  2:20  Barracks Reactor  
  24  2:29  SCV  
  25  2:34  Command Center  
  25  2:42  SCV  
  26  2:51  Orbital Command  
  26  2:54  SCV  
  27  3:00  Starport, Refinery  
  27  3:07  SCV  
  27  3:12  Hellion x2  
  32  3:13  Barracks Tech Lab  
  32  3:18  SCV  
  32  3:19  SCV  
  34  3:30  SCV  
  34  3:31  SCV  
  34  3:34  Hellion x2  
  40  3:42  SCV  
  40  3:43  SCV  
  40  3:46  Banshee  
  40  3:47  Orbital Command  
  40  3:48  Barracks Tech Lab  
  45  3:54  SCV  
  46  3:57  SCV  
  47  4:04  Barracks  
  47  4:07  SCV  
  47  4:09  SCV, Barracks  
  49  4:11  Marine  
  49  4:12  Stimpack  
  50  4:17  Factory Reactor  
  50  4:18  SCV  
  50  4:23  SCV  
  52  4:25  SCV  
  52  4:28  Marine  
  52  4:30  SCV  
  55  4:35  SCV  
  55  4:37  SCV  
  48  4:38  Supply Depot  
  48  4:43  SCV  
  48  4:44  Starport Reactor  
  49  4:46  Engineering Bay, Marine  
  49  4:49  Engineering Bay, SCV x2  
  52  4:54  Refinery x2  
  52  4:57  Orbital Command  
  52  5:01  SCV x2  
  52  5:04  Marine  
  52  5:06  Supply Depot  
  55  5:08  Marine x4  
  55  5:13  SCV x2  
  55  5:14  Terran Infantry Weapons Level 1  
  61  5:15  Supply Depot, Terran Infantry Armor Level 1  
  61  5:22  Marine  
  61  5:23  SCV  
  61  5:25  SCV x2  
  61  5:26  Marine x4  
  61  5:27  Medivac  
  71  5:29  Medivac  
  74  5:35  SCV  
  74  5:37  SCV x2  
  74  5:40  Marine  
  77  5:43  Supply Depot  
  77  5:44  Marine x3  
  77  5:46  Marine  
  77  5:47  SCV  
  77  5:49  SCV  
  84  5:50  SCV  
  84  5:54  Combat Shield  
  84  5:56  Supply Depot  
  84  5:57  Marine  
  84  6:04  Barracks x2  
  85  6:05  SCV, Marine, Siege Tank  
  85  6:06  Marine x3  
  93  6:14  Supply Depot  
  93  6:17  SCV, Medivac x2, Marine  
  99  6:18  SCV x2, Supply Depot  
  99  6:21  Refinery  
  99  6:24  Armory  
  101  6:35  SCV x3, Marine x5  
  109  6:41  Siege Tank  
  109  6:42  Supply Depot  
  109  6:43  Supply Depot  
  112  6:47  SCV x2  
  112  6:51  Factory  
  112  6:52  Supply Depot  
  112  6:53  Marine x3  
  112  6:54  Barracks Reactor x2  
  117  7:00  Supply Depot  
  117  7:01  Sensor Tower, Supply Depot  
  117  7:04  Marine x2  
  119  7:10  Marine x3  
  119  7:13  Siege Tank  
  125  7:15  Medivac  
  125  7:18  Missile Turret  
  125  7:21  Marine x2  
  129  7:23  Missile Turret  
  129  7:28  Marine  
  125  7:31  Marine x5  
  125  7:35  Factory Reactor  
  128  7:40  Command Center  
  130  7:49  Supply Depot  
Tags
 
Add a new tag
Caveats
  • Supply blocks, unpowered buildings, or Contaminate may cause inaccurate times.
  • Supply counts are checked every 10 seconds.